 Dungeon Crawl Stone Soup version 0.21.1-1-g345015f (webtiles) character file.

541 grindst0ne the Fighter (level 7, -1/62 HPs)
             Began as a Formicid Hunter on Mar 2, 2018.
             Was a Believer of Zin.
             Succumbed to Dowan's poison
             ... on level 5 of the Dungeon.
             The game lasted 00:09:11 (5345 turns).

grindst0ne the Fighter (Formicid Hunter)            Turns: 5345, Time: 00:09:12

Health: -1/62      AC:  7    Str: 18    XL:     7   Next: 51%
Magic:  7/7        EV: 10    Int: 13    God:    Zin [**....]
Gold:   235        SH:  0    Dex: 11    Spells: 6/6 levels left

rFire    . . .     SeeInvis +   j - +1 hand axe
rCold    . . .     Gourm    .   (no shield)
rNeg     . . .     Faith    +   w - +1 scale mail of Ofim {Int+2}
rPois    .         Spirit   .   (helmet unavailable)
rElec    .         Reflect  .   (no cloak)
rCorr    .         Harm     .   (no gloves)
MR       +....                  (no boots)
Stlth    ..........             q - amulet of faith
HPRegen  0.20/turn              r - ring of protection from magic
MPRegen  0.10/turn              (no ring)

@: lethally poisoned (-1 -> -21)
A: permanent stasis, dig shafts and tunnels, four strong arms, antennae 3
a: Dig, Shaft Self, Recite, Vitalisation, Donate Gold, Renounce Religion


You were on level 5 of the Dungeon.
You worshipped Zin.
Zin was pleased with you.
You were hungry.

You visited 2 branches of the dungeon, and saw 6 of its levels.

You collected 261 gold pieces.
You donated 26 gold pieces to Zin.

Inventory:

Hand Weapons
 a - a +0 short sword
 j - a +1 hand axe (weapon)
Missiles
 c - a javelin (quivered)
 d - 2 throwing nets
Armour
 b - a +0 leather armour
 w - the +1 scale mail of Ofim (worn) {Int+2}
   (You found it on level 5 of the Dungeon)

   It affects your intelligence (+2).
Jewellery
 g - a cursed amulet of inaccuracy {unknown}
 q - an amulet of faith (around neck)
 r - a ring of protection from magic (left hand)
Wands
 v - a wand of scattershot (6)
Scrolls
 h - 2 scrolls of immolation
 i - 2 scrolls of enchant weapon
 k - a scroll of amnesia {unknown}
 l - 2 scrolls of identify
 m - 7 scrolls of teleportation
 n - a scroll of random uselessness {unknown}
 o - a scroll of magic mapping {unknown}
 p - a scroll of remove curse
 s - a scroll of fog {unknown}
 u - a scroll of fear {unknown}
Potions
 e - 4 potions of flight
Comestibles
 f - 6 rations


   Skills:
 + Level 8.2 Fighting
 - Level 4.0 Throwing
 + Level 1.6 Armour
 - Level 1.7 Dodging
 - Level 1.2 Stealth


You had 6 spell levels left.
You didn't know any spells.

Dungeon Overview and Level Annotations

Branches:
Dungeon (5/15)             Temple (1/1) D:4

Altars:
Elyvilon
Fedhas
Gozag
Hepliaklqana
Kikubaaqudgha
Makhleb
Nemelex Xobeh
Okawaru
Qazlal
Ru
Sif Muna
Wu Jian
Xom
Yredelemnul
Zin
The Shining One

Annotations:
D:3 exclusion: downstairs
D:4 xccam's ghost, amateur DsAK
D:5 Dowan


Innate Abilities, Weirdness & Mutations

You cannot be hasted, slowed, berserked, paralysed or teleported.
You can dig through walls and to a lower floor.
Your four strong arms can wield two-handed weapons with a shield.
You have a pair of large antennae on your head. (SInv)


Message History

You miss Dowan.
Dowan is almost dead.
* * * LOW HITPOINT WARNING * * *
You feel sick.
Dowan zaps a wand.
You resist with almost no effort.
Your scale mail of Ofim prevents you from hitting Dowan.
Dowan is almost dead.
* * * LOW HITPOINT WARNING * * *
You feel sick.
Dowan points at you and mumbles some strange words.
The puff of frost hits you!
* * * LOW HITPOINT WARNING * * *
You closely miss Dowan.
Dowan is almost dead.
* * * LOW HITPOINT WARNING * * *
You feel sick. Dowan hits you with a dagger of venom.
Zin protects you from harm!
You are more poisoned.
You closely miss Dowan.
Dowan is almost dead.
You die...

....# <...#
....# ....#
....# ###
....#####.#
#.#...##..#
#.###..#..##
### #{#
##.#...# #@##
#.# #..)#.##
##e## ##..#..##
##(#
#...##..####.##
#..####....e##
...# #####.#
....# #...#.#
.....# #..%#
......#
###e....#


You could see Dowan.

Vanquished Creatures
  An ogre (D:5)
  A bullfrog (D:5)
  A scorpion (D:5)
  A hound (D:4)
  An orc priest (D:4)
  2 orc wizards
  An iguana (D:4)
  A hound skeleton (D:4)
  6 adders
  An ooze (D:2)
  4 worms
  A dart slug (D:3)
  4 leopard geckos (D:4)
  17 orcs
  A ball python (D:1)
  5 giant cockroaches
  12 goblins
  10 hobgoblins
  4 jackals (D:1)
  3 quokkas
  A ball python skeleton (D:4)
  8 bats
  9 frilled lizards
  11 kobolds
  A leopard gecko skeleton (D:4)
  10 rats
117 creatures vanquished.

Notes
Turn   | Place    | Note
-------+----------+-------------------------------------------
     0 | D:1      | grindst0ne the Formicid Hunter began the quest for the Orb.
     0 | D:1      | Reached XP level 1. HP: 16/16 MP: 1/1
    95 | D:1      | Reached XP level 2. HP: 17/23 MP: 2/2
   101 | D:1      | Reached skill level 3 in Fighting
   269 | D:1      | Reached XP level 3. HP: 22/29 MP: 3/3
   390 | D:1      | Reached skill level 4 in Fighting
  1131 | D:2      | Reached XP level 4. HP: 11/38 MP: 4/4
  1627 | D:2      | Reached skill level 5 in Fighting
  2136 | D:3      | Reached XP level 5. HP: 44/44 MP: 5/5
  2717 | D:3      | Reached skill level 6 in Fighting
  3305 | D:3      | Reached XP level 6. HP: 45/53 MP: 6/6
  3515 | D:4      | Found a blossoming altar of Fedhas.
  3864 | D:4      | Reached skill level 7 in Fighting
  4163 | D:4      | Noticed xccam's ghost (amateur DsAK)
  4535 | D:4      | Found a hazy altar of Hepliaklqana.
  4978 | D:4      | Found a staircase to the Ecumenical Temple.
  5042 | Temple   | Entered the Ecumenical Temple
  5121 | Temple   | Became a worshipper of Zin the Law-Giver
  5121 | Temple   | Reached * piety under Zin
  5214 | D:4      | Reached ** piety under Zin
  5253 | D:5      | Entered Level 5 of the Dungeon
  5256 | D:5      | Got a smoking scale mail
  5267 | D:5      | Identified the +1 scale mail of Ofim {Int+2} (You found it on level 5 of the Dungeon)
  5273 | D:5      | Noticed an ogre
  5274 | D:5      | Killed an ogre
  5274 | D:5      | Reached skill level 8 in Fighting
  5274 | D:5      | Reached XP level 7. HP: 62/62 MP: 7/7
  5288 | D:5      | Noticed Dowan
  5293 | D:5      | Reached skill level 1 in Armour
  5343 | D:5      | HP: 3/62 [Dowan/puff of frost (3)]
  5344 | D:5      | HP: 1/62 [poisoned by Dowan]
  5344 | D:5      | Zin protects you from harm!
  5345 | D:5      | Succumbed to Dowan's poison

Skill      XL: |  1  2  3  4  5  6  7 |
---------------+----------------------+-----
Fighting       | 3 4 5 6 8 |  8.2
Armour         | 1 |  1.6
Throwing       | |  4.0
Dodging        | |  1.7
Stealth        | |  1.2

Action                   |  1- 3 |  4- 6 |  7- 9 || total
-------------------------+-------+-------+-------++-------
Melee: Short sword       |    25 |       |       ||    25
       Hand axe          |   102 |   239 |    35 ||   376
       War axe           |       |     2 |       ||     2
Throw: Javelin           |    26 |    14 |     3 ||    43
       Throwing net      |     2 |     4 |       ||     6
 Abil: Dig               |     4 |    30 |     2 ||    36
Evoke: Wand              |       |       |     1 ||     1
  Use: Potion            |     1 |     2 |     2 ||     5
       Scroll            |       |     6 |       ||     6
 Stab: Sleeping          |     1 |     1 |       ||     2
  Eat: Chunk             |     1 |    13 |       ||    14
       Ration            |       |     1 |       ||     1
Armor: Leather armour    |    37 |    61 |       ||    98
       Skin              |     2 |       |       ||     2
       Scale mail        |       |       |    12 ||    12
Dodge: Dodged            |   101 |   184 |    12 ||   297
